 Dungeon Crawl Stone Soup version 0.31.0-11-ge490571c62 (webtiles) character file.

Game seed: 14101136484968257779

823 sanka the Martial Artist (level 7, 0/48 HPs)
             Began as a Merfolk Shapeshifter on Feb 3, 2024.
             Slain by an ogre
             ... wielding a +0 giant spiked club
              (16 damage)
             ... on level 4 of the Dungeon.
             The game lasted 00:06:31 (3280 turns).

sanka the Martial Artist (Merfolk Shapeshifter)     Turns: 3280, Time: 00:06:31

Health: 0/48       AC: 12    Str: 14    XL:     7   Next: 96%
Magic:  7/7        EV: 11    Int:  9    God:
Gold:   176        SH:  0    Dex: 16    Spells: 6/6 levels left

rFire   . .          .
                       - Unarmed
rCold   . . .        (no shield)
rNeg    . . .        i - +4 ring mail
rPois   .            p - +2 helmet
rElec   .            (no cloak)
rCorr   .            (no gloves)
SInv    .            (no boots)
Will    .....        (no amulet)
Stlth   +            (no ring)
HPRegen 0.28/turn    (no ring)
MPRegen 0.10/turn

%: no passive effects
@: no status effects
A: (nimble swimmer 2), mertail
a: no special abilities


You were on level 4 of the Dungeon.
You visited 1 branch of the dungeon, and saw 4 of its levels.

You collected 176 gold pieces.


Innate Abilities, Weirdness & Mutations

((You are very nimble when in or above water. (Stealth+, EV+, Speed+++)))
Your lower body shifts to a powerful aquatic tail in water.


   Skills:
 - Level 1.1 Fighting
 - Level 2.6 Dodging
 + Level 9.7 Unarmed Combat
 - Level 5.0 Shapeshifting


You had 6 spell levels left.
You didn't know any spells.
Your spell library contained the following spells:

 Spells                   Type           Power      Damage    Failure   Level
 Scorch                   Fire           0%         2d5       77%         2
 Flame Wave               Conj/Fire      0%         2d4       100%        4
 Summon Cactus Giant      Summ           0%         N/A       100%        6

Inventory:

Armour
 i - a +4 ring mail (worn)
 p - a +2 helmet (worn)
Magical Staves
 m - a staff of conjuration {!a}
Talismans
 c - a beast talisman
 d - a flux talisman
Wands
 u - a wand of flame (30)
Scrolls
 e - a scroll of acquirement {unknown}
 f - 2 scrolls of enchant weapon {unknown}
 g - a scroll of fear {unknown}
 j - 3 scrolls of amnesia {unknown}
 n - 2 scrolls of enchant armour {unknown}
 r - a scroll of silence {unknown}
 s - 2 scrolls of vulnerability {unknown}
 t - a scroll of revelation {unknown}
Potions
 a - a potion of ambrosia {unknown}
 b - a potion of lignification {!q}
 h - a potion of degeneration {unknown}
 k - 2 potions of might {unknown}
 l - a potion of mutation {unknown}
 o - 2 potions of heal wounds {unknown}
 q - 2 potions of cancellation {unknown}

Dungeon Overview and Level Annotations

Branches:
Dungeon (4/15)
 Temple: D:4-7

Altars:
Yredelemnul

Shops:
D:4 !

Annotations:
D:3 3 runed translucent doors, Ijustatesigmund's ghost, amateur GrFi

▒.............▒▒
▒▒▒
▒...........▒▒▒
▒.▒
▒▒▒▒▒+▒▒.▒▒▒▒
▒.▒
▒.▒▒.▒▒▒▒▒▒▒▒
..▒
▒............
.▒▒
▒..▒▒▒▒▒▒▒▒▒▒ .▒
▒..▒ ▒▒ ▒..▒ ▒
▒▒m.▒ ▒▒▒ ▒.O▒▒
.. ▒▒▒▒▒..▒ ▒.
▒.B..B▒▒ ▒.▒▒
▒.▒..▒▒ ▒..▒▒
▒▒.▒.▒▒
▒▒..▒▒▒.B▒.▒
▒▒....†▒▒.▒
▒▒>..▒▒▒.▒


You could see an ogre and a giant cockroach.


Message History

You kill the quokka!
No target in view!
No target in view!
You see here a quokka corpse.
Found 17 gold pieces.
You now have 176 gold pieces (gained 17).
There is a stone staircase leading down here.
An ogre comes into view. It is wielding a +0 giant spiked club.
The ogre shouts!
An ogre is nearby!
An ogre is nearby!
A giant cockroach comes into view.
Found a potion of lignification.
You see here a quokka corpse.
You hit the ogre but do no damage. The ogre misses you.
You barely miss the ogre. You barely miss the ogre.
The ogre hits you with a +0 giant spiked club!!
You hit the ogre. Your punch misses the ogre.
The ogre is lightly wounded.
You hit the ogre. You punch the ogre.
The ogre is heavily wounded.
The ogre hits you with a +0 giant spiked club!
* * * LOW HITPOINT WARNING * * *
The ogre attacks as it pursues you!
The ogre hits you with a +0 giant spiked club!
You die...

Action                     |  1- 3 |  4- 6 |  7- 9 || total
---------------------------+-------+-------+-------++-------
  Melee: Unarmed           |    99 |   227 |    29 ||   355
         Punch             |       |     8 |     2 ||    10
         Tailslap          |       |    12 |       ||    12
 Armour: Animal skin       |    14 |       |       ||    14
         Ring mail         |    34 |   113 |    12 ||   159
  Dodge: Dodged            |    60 |   113 |    18 ||   191
         Form:             |       |     1 |       ||     1
         Beast             |       |     1 |       ||     1

Levels and vault maps discovered:
D:1:      dpeg_arrival_oval, layout_basic
D:2:      minmay_spotlight, layout_basic, nicolae_ecumenical_pavilion,
          uniq_robin
D:3:      layout_basic, nicolae_yredelemnul_ghost_church
D:4:      wander_river, layout_basic, serial_curves, eino_curves_01,
          eino_curves_03, serial_shops, shop, nicolae_zig_zag_zippers,
          uniq_pikel, uniq_blork_the_orc

Notes
Turn   | Place    | Note
-------+----------+-------------------------------------------
     0 | D:1      | sanka the Merfolk Shapeshifter began the quest for the Orb.
     0 | D:1      | Reached XP level 1. HP: 15/15 MP: 1/1
   109 | D:1      | Reached XP level 2. HP: 21/21 MP: 2/2
   250 | D:1      | Reached skill level 5 in Shapeshifting
   369 | D:1      | Reached XP level 3. HP: 26/26 MP: 3/3
   578 | D:1      | Reached skill level 4 in Unarmed Combat
   688 | D:2      | Found a faded altar of an unknown god.
   886 | D:2      | Reached XP level 4. HP: 32/32 MP: 4/4
   945 | D:2      | Noticed Robin
   966 | D:2      | Killed Robin
   975 | D:2      | Reached skill level 5 in Unarmed Combat
  1283 | D:2      | Reached XP level 5. HP: 37/37 MP: 5/5
  2140 | D:3      | Found a runed translucent gate.
  2140 | D:3      | Found a runed translucent gate.
  2140 | D:3      | Found a runed translucent gate.
  2140 | D:3      | Noticed Ijustatesigmund's ghost (amateur GrFi)
  2142 | D:3      | Found a basalt altar of Yredelemnul.
  2163 | D:3      | Reached skill level 6 in Unarmed Combat
  2688 | D:4      | Reached XP level 6. HP: 19/43 MP: 6/6
  2781 | D:4      | Noticed Blork the orc
  2811 | D:4      | Killed Blork the orc
  2812 | D:4      | Reached skill level 7 in Unarmed Combat
  3041 | D:4      | Found Cykky's Distillery.
  3046 | D:4      | Noticed Pikel
  3089 | D:4      | Killed Pikel
  3090 | D:4      | Reached skill level 9 in Unarmed Combat
  3090 | D:4      | Reached XP level 7. HP: 37/48 MP: 7/7
  3280 | D:4      | Slain by an ogre

Vanquished Creatures
  Pikel (D:4)
  Blork the orc (D:4)
  A hound (D:4)
  A jelly (D:4)
  A bombardier beetle (D:4)
  An iguana (D:4)
  A hound zombie (D:3)
  Robin (D:2)
  9 adders
  An adder zombie (D:3)
  2 dart slugs
  5 orcs
  9 ball pythons
  5 bats
  9 endoplasms
  4 giant cockroaches
  17 goblins
  11 hobgoblins
  8 jackals
  4 quokkas
  5 frilled lizards
  7 kobolds
  10 rats
114 creatures vanquished.
